Workbook

Sheet INDEX_m
L1: 1
A2: <PPIIPI> | B2: <©_BFS> | C2: =IF(LEFT($L$1,1)="1",VLOOKUP($A2,PPI_IPI_PGA_PGAI!$A:$E,2,FALSE),IF(LEFT($L$1,1)="2",VLOOKUP($A2,PPI_IPI_PGA_PGAI!$A:$E,3,FALSE),IF(LEFT($L$1,1)="3",VLOOKUP($A2,PPI_IPI_PGA_PGAI!$A:$E,4,FALSE),VLOOKUP($A2,PPI_IPI_PGA_PGAI!$A:$E,5,FALSE)))) -> PRODUZENTEN- UND IMPORTPREISINDEX | K2: =IF(LEFT($L$1,1)="1",VLOOKUP($B2,PPI_IPI_PGA_PGAI!$A:$E,2,FALSE),IF(LEFT($L$1,1)="2",VLOOKUP($B2,PPI_IPI_PGA_PGAI!$A:$E,3,FALSE),IF(LEFT($L$1,1)="3",VLOOKUP($B2,PPI_IPI_PGA_PGAI!$A:$E,4,FALSE),VLOOKUP($B2,PPI_IPI_PGA_PGAI!$A:$E,5,FALSE)))) -> © Bundesamt für Statistik, Espace de l'Europe 10, CH-2010 Neuchâtel | L2: 5 | M2: Sprache / Langue / Lingua / Language
B3: <AUSK> | K3: =IF(LEFT($L$1,1)="1",VLOOKUP($B3,PPI_IPI_PGA_PGAI!$A:$E,2,FALSE),IF(LEFT($L$1,1)="2",VLOOKUP($B3,PPI_IPI_PGA_PGAI!$A:$E,3,FALSE),IF(LEFT($L$1,1)="3",VLOOKUP($B3,PPI_IPI_PGA_PGAI!$A:$E,4,FALSE),VLOOKUP($B3,PPI_IPI_PGA_PGAI!$A:$E,5,FALSE)))) -> Auskunft: PPI@bfs.admin.ch, 058 / 463 66 06
A4: <PPI> | C4: =IF(LEFT($L$1,1)="1",VLOOKUP($A4,PPI_IPI_PGA_PGAI!$A:$E,2,FALSE),IF(LEFT($L$1,1)="2",VLOOKUP($A4,PPI_IPI_PGA_PGAI!$A:$E,3,FALSE),IF(LEFT($L$1,1)="3",VLOOKUP($A4,PPI_IPI_PGA_PGAI!$A:$E,4,FALSE),VLOOKUP($A4,PPI_IPI_PGA_PGAI!$A:$E,5,FALSE)))) -> PRODUZENTENPREISINDEX | K4: http://www.PPI.bfs.admin.ch
A6: <ORIGBAS> | C6: =IF(LEFT($L$1,1)="1",VLOOKUP($A6,PPI_IPI_PGA_PGAI!$A:$E,2,FALSE),IF(LEFT($L$1,1)="2",VLOOKUP($A6,PPI_IPI_PGA_PGAI!$A:$E,3,FALSE),IF(LEFT($L$1,1)="3",VLOOKUP($A6,PPI_IPI_PGA_PGAI!$A:$E,4,FALSE),VLOOKUP($A6,PPI_IPI_PGA_PGAI!$A:$E,5,FALSE)))) -> Originalbasen | D6: <1963> | E6: <1993> | F6: <2003> | G6: <2010> | H6: <2015> | I6: <2020> | J6: <%_MONTH>
A7: <DAT> | B7: <%_YEAR> | C7: =IF(LEFT($L$1,1)="1",VLOOKUP($A7,PPI_IPI_PGA_PGAI!$A:$E,2,FALSE),IF(LEFT($L$1,1)="2",VLOOKUP($A7,PPI_IPI_PGA_PGAI!$A:$E,3,FALSE),IF(LEFT($L$1,1)="3",VLOOKUP($A7,PPI_IPI_PGA_PGAI!$A:$E,4,FALSE),VLOOKUP($A7,PPI_IPI_PGA_PGAI!$A:$E,5,FALSE)))) -> Datum | D7: =IF(LEFT($L$1,1)="1",VLOOKUP(D$6,PPI_IPI_PGA_PGAI!$A:$E,2,FALSE),IF(LEFT($L$1,1)="2",VLOOKUP(D$6,PPI_IPI_PGA_PGAI!$A:$E,3,FALSE),IF(LEFT($L$1,1)="3",VLOOKUP(D$6,PPI_IPI_PGA_PGAI!$A:$E,4,FALSE),VLOOKUP(D$6,PPI_IPI_PGA_PGAI!$A:$E,5,FALSE)))) -> 1963 = 100 | E7: =IF(LEFT($L$1,1)="1",VLOOKUP(E$6,PPI_IPI_PGA_PGAI!$A:$E,2,FALSE),IF(LEFT($L$1,1)="2",VLOOKUP(E$6,PPI_IPI_PGA_PGAI!$A:$E,3,FALSE),IF(LEFT($L$1,1)="3",VLOOKUP(E$6,PPI_IPI_PGA_PGAI!$A:$E,4,FALSE),VLOOKUP(E$6,PPI_IPI_PGA_PGAI!$A:$E,5,FALSE)))) -> Mai 1993 = 100 | F7: =IF(LEFT($L$1,1)="1",VLOOKUP(F$6,PPI_IPI_PGA_PGAI!$A:$E,2,FALSE),IF(LEFT($L$1,1)="2",VLOOKUP(F$6,PPI_IPI_PGA_PGAI!$A:$E,3,FALSE),IF(LEFT($L$1,1)="3",VLOOKUP(F$6,PPI_IPI_PGA_PGAI!$A:$E,4,FALSE),VLOOKUP(F$6,PPI_IPI_PGA_PGAI!$A:$E,5,FALSE)))) -> Mai 2003 = 100 | G7: =IF(LEFT($L$1,1)="1",VLOOKUP(G$6,PPI_IPI_PGA_PGAI!$A:$E,2,FALSE),IF(LEFT($L$1,1)="2",VLOOKUP(G$6,PPI_IPI_PGA_PGAI!$A:$E,3,FALSE),IF(LEFT($L$1,1)="3",VLOOKUP(G$6,PPI_IPI_PGA_PGAI!$A:$E,4,FALSE),VLOOKUP(G$6,PPI_IPI_PGA_PGAI!$A:$E,5,FALSE)))) -> Dez 2010 = 100 | H7: =IF(LEFT($L$1,1)="1",VLOOKUP(H$6,PPI_IPI_PGA_PGAI!$A:$E,2,FALSE),IF(LEFT($L$1,1)="2",VLOOKUP(H$6,PPI_IPI_PGA_PGAI!$A:$E,3,FALSE),IF(LEFT($L$1,1)="3",VLOOKUP(H$6,PPI_IPI_PGA_PGAI!$A:$E,4,FALSE),VLOOKUP(H$6,PPI_IPI_PGA_PGAI!$A:$E,5,FALSE)))) -> Dez 2015 = 100 | I7: =IF(LEFT($L$1,1)="1",VLOOKUP(I$6,PPI_IPI_PGA_PGAI!$A:$E,2,FALSE),IF(LEFT($L$1,1)="2",VLOOKUP(I$6,PPI_IPI_PGA_PGAI!$A:$E,3,FALSE),IF(LEFT($L$1,1)="3",VLOOKUP(I$6,PPI_IPI_PGA_PGAI!$A:$E,4,FALSE),VLOOKUP(I$6,PPI_IPI_PGA_PGAI!$A:$E,5,FALSE)))) -> Dez 2020 = 100 | J7: =IF(LEFT($L$1,1)="1",VLOOKUP(J$6,PPI_IPI_PGA_PGAI!$A:$E,2,FALSE),IF(LEFT($L$1,1)="2",VLOOKUP(J$6,PPI_IPI_PGA_PGAI!$A:$E,3,FALSE),IF(LEFT($L$1,1)="3",VLOOKUP(J$6,PPI_IPI_PGA_PGAI!$A:$E,4,FALSE),VLOOKUP(J$6,PPI_IPI_PGA_PGAI!$A:$E,5,FALSE)))) -> % Vormonat | K7: =IF(LEFT($L$1,1)="1",VLOOKUP($B7,PPI_IPI_PGA_PGAI!$A:$E,2,FALSE),IF(LEFT($L$1,1)="2",VLOOKUP($B7,PPI_IPI_PGA_PGAI!$A:$E,3,FALSE),IF(LEFT($L$1,1)="3",VLOOKUP($B7,PPI_IPI_PGA_PGAI!$A:$E,4,FALSE),VLOOKUP($B7,PPI_IPI_PGA_PGAI!$A:$E,5,FALSE)))) -> % Vorjahr
C8: 23012 | D8: 99.7 | E8: 51.0048 | F8: 53.3322 | G8: 49.5735 | H8: 52.9236 | I8: 53.7252 | J8: … | K8: …
C9: 23043 | D9: 99.9 | E9: 51.1071 | F9: 53.4392 | G9: 49.673 | H9: 53.0298 | I9: 53.833 | J9: 0.2006 | K9: …
C10: 23071 | D10: 100.2 | E10: 51.2606 | F10: 53.5997 | G10: 49.8222 | H10: 53.1891 | I10: 53.9948 | J10: 0.3003 | K10: …
C11: 23102 | D11: 100 | E11: 51.1582 | F11: 53.4926 | G11: 49.7226 | H11: 53.0827 | I11: 53.8867 | J11: -0.1996 | K11: …
C12: 23132 | D12: 100.2 | E12: 51.2606 | F12: 53.5997 | G12: 49.8222 | H12: 53.1891 | I12: 53.9948 | J12: 0.2 | K12: …
C13: 23163 | D13: 99.9 | E13: 51.1071 | F13: 53.4392 | G13: 49.673 | H13: 53.0298 | I13: 53.833 | J13: -0.2994 | K13: …
C14: 23193 | D14: 99.8 | E14: 51.0559 | F14: 53.3856 | G14: 49.6232 | H14: 52.9766 | I14: 53.779 | J14: -0.1001 | K14: …
C15: 23224 | D15: 99.5 | E15: 50.9025 | F15: 53.2252 | G15: 49.4741 | H15: 52.8174 | I15: 53.6174 | J15: -0.3006 | K15: …
C16: 23255 | D16: 99.7 | E16: 51.0048 | F16: 53.3322 | G16: 49.5735 | H16: 52.9236 | I16: 53.7252 | J16: 0.201 | K16: …
C17: 23285 | D17: 100.2 | E17: 51.2606 | F17: 53.5997 | G17: 49.8222 | H17: 53.1891 | I17: 53.9948 | J17: 0.5015 | K17: …
C18: 23316 | D18: 100.3 | E18: 51.3117 | F18: 53.6531 | G18: 49.8718 | H18: 53.242 | I18: 54.0485 | J18: 0.0998 | K18: …
C19: 23346 | D19: 100.4 | E19: 51.3629 | F19: 53.7067 | G19: 49.9216 | H19: 53.2952 | I19: 54.1025 | J19: 0.0997 | K19: …
C20: 23377 | D20: 100.2 | E20: 51.2606 | F20: 53.5997 | G20: 49.8222 | H20: 53.1891 | I20: 53.9948 | J20: -0.1992 | K20: 0.5015
C21: 23408 | D21: 100.6 | E21: 51.4652 | F21: 53.8136 | G21: 50.021 | H21: 53.4013 | I21: 54.2102 | J21: 0.3992 | K21: 0.7007
C22: 23437 | D22: 100.7 | E22: 51.5164 | F22: 53.8672 | G22: 50.0708 | H22: 53.4545 | I22: 54.2642 | J22: 0.0994 | K22: 0.499
C23: 23468 | D23: 101.4 | E23: 51.8745 | F23: 54.2416 | G23: 50.4188 | H23: 53.826 | I23: 54.6413 | J23: 0.6951 | K23: 1.4
C24: 23498 | D24: 101.7 | E24: 52.0279 | F24: 54.402 | G24: 50.5679 | H24: 53.9852 | I24: 54.8029 | J24: 0.2959 | K24: 1.497
C25: 23529 | D25: 101.5 | E25: 51.9256 | F25: 54.295 | G25: 50.4685 | H25: 53.879 | I25: 54.6951 | J25: -0.1967 | K25: 1.6016
C26: 23559 | D26: 101.2 | E26: 51.7721 | F26: 54.1345 | G26: 50.3193 | H26: 53.7198 | I26: 54.5335 | J26: -0.2956 | K26: 1.4028
C27: 23590 | D27: 101.4 | E27: 51.8745 | F27: 54.2416 | G27: 50.4188 | H27: 53.826 | I27: 54.6413 | J27: 0.1976 | K27: 1.9095
C28: 23621 | D28: 101.8 | E28: 52.0791 | F28: 54.4555 | G28: 50.6177 | H28: 54.0383 | I28: 54.8568 | J28: 0.3945 | K28: 2.1063
C29: 23651 | D29: 101.9 | E29: 52.1303 | F29: 54.5091 | G29: 50.6675 | H29: 54.0915 | I29: 54.9108 | J29: 0.0982 | K29: 1.6966
C30: 23682 | D30: 102 | E30: 52.1814 | F30: 54.5625 | G30: 50.7171 | H30: 54.1444 | I30: 54.9645 | J30: 0.0981 | K30: 1.6949
C31: 23712 | D31: 101.9 | E31: 52.1303 | F31: 54.5091 | G31: 50.6675 | H31: 54.0915 | I31: 54.9108 | J31: -0.098 | K31: 1.494
... C761: 45931 | D761: 195.7178 | E761: 100.1258 | F761: 104.6947 | G761: 97.3162 | H761: 103.8926 | I761: 105.4663 | J761: -0.1867 | K761: -1.2559
A763: <©_BFS> | C763: =IF(LEFT($L$1,1)="1",VLOOKUP($A763,PPI_IPI_PGA_PGAI!$A:$E,2,FALSE),IF(LEFT($L$1,1)="2",VLOOKUP($A763,PPI_IPI_PGA_PGAI!$A:$E,3,FALSE),IF(LEFT($L$1,1)="3",VLOOKUP($A763,PPI_IPI_PGA_PGAI!$A:$E,4,FALSE),VLOOKUP($A763,PPI_IPI_PGA_PGAI!$A:$E,5,FALSE)))) -> © Bundesamt für Statistik, Espace de l'Europe 10, CH-2010 Neuchâtel
A764: <AUSK> | B764: <SOURCE> | C764: =IF(LEFT($L$1,1)="1",VLOOKUP($A764,PPI_IPI_PGA_PGAI!$A:$E,2,FALSE),IF(LEFT($L$1,1)="2",VLOOKUP($A764,PPI_IPI_PGA_PGAI!$A:$E,3,FALSE),IF(LEFT($L$1,1)="3",VLOOKUP($A764,PPI_IPI_PGA_PGAI!$A:$E,4,FALSE),VLOOKUP($A764,PPI_IPI_PGA_PGAI!$A:$E,5,FALSE)))) -> Auskunft: PPI@bfs.admin.ch, 058 / 463 66 06
C765: http://www.PPI.bfs.admin.ch

Sheet INDEX_y
K1: 1
A2: <PPIIPI> | B2: <©_BFS> | C2: =IF(LEFT($K$1,1)="1",VLOOKUP($A2,PPI_IPI_PGA_PGAI!$A:$E,2,FALSE),IF(LEFT($K$1,1)="2",VLOOKUP($A2,PPI_IPI_PGA_PGAI!$A:$E,3,FALSE),IF(LEFT($K$1,1)="3",VLOOKUP($A2,PPI_IPI_PGA_PGAI!$A:$E,4,FALSE),VLOOKUP($A2,PPI_IPI_PGA_PGAI!$A:$E,5,FALSE)))) -> PRODUZENTEN- UND IMPORTPREISINDEX | J2: =IF(LEFT($K$1,1)="1",VLOOKUP($B2,PPI_IPI_PGA_PGAI!$A:$E,2,FALSE),IF(LEFT($K$1,1)="2",VLOOKUP($B2,PPI_IPI_PGA_PGAI!$A:$E,3,FALSE),IF(LEFT($K$1,1)="3",VLOOKUP($B2,PPI_IPI_PGA_PGAI!$A:$E,4,FALSE),VLOOKUP($B2,PPI_IPI_PGA_PGAI!$A:$E,5,FALSE)))) -> © Bundesamt für Statistik, Espace de l'Europe 10, CH-2010 Neuchâtel | K2: 5 | L2: Sprache / Langue / Lingua / Language
B3: <AUSK> | J3: =IF(LEFT($K$1,1)="1",VLOOKUP($B3,PPI_IPI_PGA_PGAI!$A:$E,2,FALSE),IF(LEFT($K$1,1)="2",VLOOKUP($B3,PPI_IPI_PGA_PGAI!$A:$E,3,FALSE),IF(LEFT($K$1,1)="3",VLOOKUP($B3,PPI_IPI_PGA_PGAI!$A:$E,4,FALSE),VLOOKUP($B3,PPI_IPI_PGA_PGAI!$A:$E,5,FALSE)))) -> Auskunft: PPI@bfs.admin.ch, 058 / 463 66 06
A4: <PPI> | C4: =IF(LEFT($K$1,1)="1",VLOOKUP($A4,PPI_IPI_PGA_PGAI!$A:$E,2,FALSE),IF(LEFT($K$1,1)="2",VLOOKUP($A4,PPI_IPI_PGA_PGAI!$A:$E,3,FALSE),IF(LEFT($K$1,1)="3",VLOOKUP($A4,PPI_IPI_PGA_PGAI!$A:$E,4,FALSE),VLOOKUP($A4,PPI_IPI_PGA_PGAI!$A:$E,5,FALSE)))) -> PRODUZENTENPREISINDEX | J4: http://www.PPI.bfs.admin.ch
A6: <ORIGBAS> | C6: =IF(LEFT($K$1,1)="1",VLOOKUP($A6,PPI_IPI_PGA_PGAI!$A:$E,2,FALSE),IF(LEFT($K$1,1)="2",VLOOKUP($A6,PPI_IPI_PGA_PGAI!$A:$E,3,FALSE),IF(LEFT($K$1,1)="3",VLOOKUP($A6,PPI_IPI_PGA_PGAI!$A:$E,4,FALSE),VLOOKUP($A6,PPI_IPI_PGA_PGAI!$A:$E,5,FALSE)))) -> Originalbasen | D6: <1963> | E6: <1993> | F6: <2003> | G6: <2010> | H6: <2015> | I6: <2020>
A7: <DAT> | B7: <%_YEAR> | C7: =IF(LEFT($K$1,1)="1",VLOOKUP($A7,PPI_IPI_PGA_PGAI!$A:$E,2,FALSE),IF(LEFT($K$1,1)="2",VLOOKUP($A7,PPI_IPI_PGA_PGAI!$A:$E,3,FALSE),IF(LEFT($K$1,1)="3",VLOOKUP($A7,PPI_IPI_PGA_PGAI!$A:$E,4,FALSE),VLOOKUP($A7,PPI_IPI_PGA_PGAI!$A:$E,5,FALSE)))) -> Datum | D7: =IF(LEFT($K$1,1)="1",VLOOKUP(D$6,PPI_IPI_PGA_PGAI!$A:$E,2,FALSE),IF(LEFT($K$1,1)="2",VLOOKUP(D$6,PPI_IPI_PGA_PGAI!$A:$E,3,FALSE),IF(LEFT($K$1,1)="3",VLOOKUP(D$6,PPI_IPI_PGA_PGAI!$A:$E,4,FALSE),VLOOKUP(D$6,PPI_IPI_PGA_PGAI!$A:$E,5,FALSE)))) -> 1963 = 100 | E7: =IF(LEFT($K$1,1)="1",VLOOKUP(E$6,PPI_IPI_PGA_PGAI!$A:$E,2,FALSE),IF(LEFT($K$1,1)="2",VLOOKUP(E$6,PPI_IPI_PGA_PGAI!$A:$E,3,FALSE),IF(LEFT($K$1,1)="3",VLOOKUP(E$6,PPI_IPI_PGA_PGAI!$A:$E,4,FALSE),VLOOKUP(E$6,PPI_IPI_PGA_PGAI!$A:$E,5,FALSE)))) -> Mai 1993 = 100 | F7: =IF(LEFT($K$1,1)="1",VLOOKUP(F$6,PPI_IPI_PGA_PGAI!$A:$E,2,FALSE),IF(LEFT($K$1,1)="2",VLOOKUP(F$6,PPI_IPI_PGA_PGAI!$A:$E,3,FALSE),IF(LEFT($K$1,1)="3",VLOOKUP(F$6,PPI_IPI_PGA_PGAI!$A:$E,4,FALSE),VLOOKUP(F$6,PPI_IPI_PGA_PGAI!$A:$E,5,FALSE)))) -> Mai 2003 = 100 | G7: =IF(LEFT($K$1,1)="1",VLOOKUP(G$6,PPI_IPI_PGA_PGAI!$A:$E,2,FALSE),IF(LEFT($K$1,1)="2",VLOOKUP(G$6,PPI_IPI_PGA_PGAI!$A:$E,3,FALSE),IF(LEFT($K$1,1)="3",VLOOKUP(G$6,PPI_IPI_PGA_PGAI!$A:$E,4,FALSE),VLOOKUP(G$6,PPI_IPI_PGA_PGAI!$A:$E,5,FALSE)))) -> Dez 2010 = 100 | H7: =IF(LEFT($K$1,1)="1",VLOOKUP(H$6,PPI_IPI_PGA_PGAI!$A:$E,2,FALSE),IF(LEFT($K$1,1)="2",VLOOKUP(H$6,PPI_IPI_PGA_PGAI!$A:$E,3,FALSE),IF(LEFT($K$1,1)="3",VLOOKUP(H$6,PPI_IPI_PGA_PGAI!$A:$E,4,FALSE),VLOOKUP(H$6,PPI_IPI_PGA_PGAI!$A:$E,5,FALSE)))) -> Dez 2015 = 100 | I7: =IF(LEFT($K$1,1)="1",VLOOKUP(I$6,PPI_IPI_PGA_PGAI!$A:$E,2,FALSE),IF(LEFT($K$1,1)="2",VLOOKUP(I$6,PPI_IPI_PGA_PGAI!$A:$E,3,FALSE),IF(LEFT($K$1,1)="3",VLOOKUP(I$6,PPI_IPI_PGA_PGAI!$A:$E,4,FALSE),VLOOKUP(I$6,PPI_IPI_PGA_PGAI!$A:$E,5,FALSE)))) -> Dez 2020 = 100 | J7: %
C8: 1963 | D8: 100 | E8: 51.1497 | F8: 53.4838 | G8: 49.7144 | H8: 53.074 | I8: 53.8779 | J8: …
C9: 1964 | D9: 101.4 | E9: 51.8532 | F9: 54.2193 | G9: 50.3981 | H9: 53.8039 | I9: 54.6189 | J9: 1.4
C10: 1965 | D10: 102.3 | E10: 52.3392 | F10: 54.7275 | G10: 50.8705 | H10: 54.3082 | I10: 55.1308 | J10: 0.8876
C11: 1966 | D11: 104.4 | E11: 53.4263 | F11: 55.8642 | G11: 51.9271 | H11: 55.4362 | I11: 56.2758 | J11: 2.0528
C12: 1967 | D12: 104.9 | E12: 53.6522 | F12: 56.1004 | G12: 52.1467 | H12: 55.6706 | I12: 56.5139 | J12: 0.4789
C13: 1968 | D13: 104.7 | E13: 53.5371 | F13: 55.9801 | G13: 52.0348 | H13: 55.5512 | I13: 56.3926 | J13: -0.1907
C14: 1969 | D14: 106.3 | E14: 54.4025 | F14: 56.885 | G14: 52.8759 | H14: 56.4492 | I14: 57.3042 | J14: 1.5282
C15: 1970 | D15: 110.2 | E15: 56.3849 | F15: 58.9578 | G15: 54.8027 | H15: 58.5061 | I15: 59.3923 | J15: 3.6689
C16: 1971 | D16: 114.6 | E16: 58.6316 | F16: 61.3071 | G16: 56.9864 | H16: 60.8374 | I16: 61.7589 | J16: 3.9927
C17: 1972 | D17: 119.3 | E17: 61.0062 | F17: 63.79 | G17: 59.2943 | H17: 63.3013 | I17: 64.2601 | J17: 4.1012
C18: 1973 | D18: 129.4 | E18: 66.2209 | F18: 69.2427 | G18: 64.3627 | H18: 68.7122 | I18: 69.753 | J18: 8.4661
C19: 1974 | D19: 147.5 | E19: 75.4499 | F19: 78.8928 | G19: 73.3327 | H19: 78.2883 | I19: 79.4742 | J19: 13.9876
C20: 1975 | D20: 149.3 | E20: 76.3707 | F20: 79.8557 | G20: 74.2277 | H20: 79.2438 | I20: 80.4442 | J20: 1.2203
... C69: 2024 | D69: 197.8626 | E69: 101.223 | F69: 105.842 | G69: 98.3826 | H69: 105.0311 | I69: 106.622 | J69: -0.5329
A71: <©_BFS> | C71: =IF(LEFT($K$1,1)="1",VLOOKUP($A71,PPI_IPI_PGA_PGAI!$A:$E,2,FALSE),IF(LEFT($K$1,1)="2",VLOOKUP($A71,PPI_IPI_PGA_PGAI!$A:$E,3,FALSE),IF(LEFT($K$1,1)="3",VLOOKUP($A71,PPI_IPI_PGA_PGAI!$A:$E,4,FALSE),VLOOKUP($A71,PPI_IPI_PGA_PGAI!$A:$E,5,FALSE)))) -> © Bundesamt für Statistik, Espace de l'Europe 10, CH-2010 Neuchâtel
A72: <AUSK> | B72: <SOURCE> | C72: =IF(LEFT($K$1,1)="1",VLOOKUP($A72,PPI_IPI_PGA_PGAI!$A:$E,2,FALSE),IF(LEFT($K$1,1)="2",VLOOKUP($A72,PPI_IPI_PGA_PGAI!$A:$E,3,FALSE),IF(LEFT($K$1,1)="3",VLOOKUP($A72,PPI_IPI_PGA_PGAI!$A:$E,4,FALSE),VLOOKUP($A72,PPI_IPI_PGA_PGAI!$A:$E,5,FALSE)))) -> Auskunft: PPI@bfs.admin.ch, 058 / 463 66 06
C73: http://www.PPI.bfs.admin.ch

Sheet PPI_IPI_PGA_PGAI
A1: Code | B1: D | C1: F | D1: I | E1: E | F1: D - Beitrag | G1: F - Beitrag | H1: I - Beitrag | I1: E - Beitrag
A2: <PPI.TOTAL> | B2: Total | C2: Total | D2: Totale | E2: Total | F2: Total | G2: Total | H2: Totale | I2: Total
A3: <PPI.A> | B3: Land- und forstwirtschaftliche Produkte | C3: Agriculture et sylviculture | D3: Prodotti agricoli e di silvicoltura | E3: Agricultural and forestry products | F3: Land- und forstwirtschaftliche Produkte | G3: Agriculture et sylviculture | H3: Prodotti agricoli e di silvicoltura | I3: Agricultural and forestry products
A4: <PPI.01> | B4: Landwirtschaftliche Produkte | C4: Produits agricoles | D4: Prodotti agricoli | E4: Agricultural products | F4: Landwirtschaftliche Produkte | G4: Produits agricoles | H4: Prodotti agricoli | I4: Agricultural products
A5: <PPI.01.1> | B5: Einjährige Pflanzen | C5: Plantes non permanentes | D5: Piante non permanenti | E5: Non-perennial crops | F5: Einjährige Pflanzen | G5: Plantes non permanentes | H5: Piante non permanenti | I5: Non-perennial crops
A6: <PPI.01.11> | B6: Getreide (ohne Reis), Hülsenfrüchte und Ölsaaten | C6: Céréales (sans riz), légumineuses et graines d'oléagineuses | D6: Cereali (senza riso), legumi da granella e semi oleosi | E6: Cereals (except rice), leguminous crops, oil seeds | F6: Getreide, Hülsenfrüchte und Ölsaaten | G6: Céréales, légumineuses et graines d'oléagineuses | H6: Cereali, legumi da granella e semi oleosi | I6: Cereals, leguminous crops, oil seeds
A7: <PPI.01.11.1> | B7: Getreide | C7: Céréales | D7: Cereali | E7: Cereals | F7: Getreide | G7: Céréales | H7: Cereali | I7: Cereals
A8: <PPI.01.11.2> | B8: Ölsaaten, Ölfrüchte | C8: Graines et fruits oléagineux | D8: Semi e frutti oleosi | E8: Oilseeds, oleaginous fruits | F8: Ölsaaten, Ölfrüchte | G8: Graines et fruits oléagineux | H8: Semi e frutti oleosi | I8: Oilseeds, oleaginous fruits
A9: <PPI.01.11.3> | B9: Eiweisspflanzen (Eiweisserbsen) | C9: Plantes riches en protéines (pois protéagineux) | D9: Piante ricche in proteine (piselli proteici) | E9: Protein crops (beans) | F9: Eiweisspflanzen (Eiweisserbsen) | G9: Plantes riches en protéines (pois protéagineux) | H9: Piante ricche in proteine (piselli proteici) | I9: Protein crops (beans)
A10: <PPI.01.11.4> | B10: Erbsen, Verarbeitung | C10: Pois, transformation | D10: Piselli, trasformazione | E10: Peas, processing | F10: Erbsen, Verarbeitung | G10: Pois, transformation | H10: Piselli, trasformazione | I10: Peas, processing
A11: <PPI.01.11.5> | B11: Buschbohnen | C11: Haricots nains | D11: Fagioli nani | E11: Beans | F11: Buschbohnen | G11: Haricots nains | H11: Fagioli nani | I11: Beans
A12: <PPI.01.13> | B12: Gemüse sowie Wurzeln und Knollen | C12: Légumes, racines et tubercules | D12: Ortaggi, radici e tuberi | E12: Vegetables, roots and tubers | F12: Gemüse, Kartoffeln | G12: Légumes, pommes de terre | H12: Ortaggi, patate | I12: Vegetables, potatoes
... A524: <PPI.35.20.30> | B524: Typ X: 250 GWh, AS | C524: Type X: 250 GWh, AS | D524: Tipo X: 250 GWh, AS | E524: Type X: 250 GWh, AS | F524: Typ X: 250 GWh, AS | G524: Type X: 250 GWh, AS | H524: Tipo X: 250 GWh, AS | I524: Type X: 250 GWh, AS
A525: <PPI.E> | B525: Wasserversorgung, Abwasserentsorgung und Abfallbewirtschaftung, Recycling (Papier, Kies, Schrott) | C525: Traitement et distribution de l'eau, gestion des déchets, recyclage (papier, gravier, ferraille) | D525: Trattamento e distribuzione dell'acqua, gestione dei rifiuti, riciclaggio (carta, ghiaia, rottami di ferro) | E525: Water treatment and distribution, waste collection, recovery (paper, gravel, scrap)
A526: <PPI.36> | B526: Wasserversorgung | C526: Captage, traitement et distribution d'eau | D526: Raccolta, trattamento e fornitura di acqua | E526: Water collection, treatment and supply | F526: Wasserversorgung | G526: Captage, traitement et distribution d'eau | H526: Raccolta, trattamento e fornitura di acqua | I526: Water collection, treatment and supply
A527: <PPI.36.0> | B527: Wasserversorgung | C527: Captage, traitement et distribution d'eau | D527: Raccolta, trattamento e fornitura di acqua | E527: Water collection, treatment and supply | F527: Wasserversorgung | G527: Captage, traitement et distribution d'eau | H527: Raccolta, trattamento e fornitura di acqua | I527: Water collection, treatment and supply
A528: <PPI.36.00> | B528: Wasserversorgung | C528: Captage, traitement et distribution d'eau | D528: Raccolta, trattamento e fornitura di acqua | E528: Water collection, treatment and supply | F528: Wasserversorgung | G528: Captage, traitement et distribution d'eau | H528: Raccolta, trattamento e fornitura di acqua | I528: Water collection, treatment and supply
A529: <PPI.36.00.1> | B529: Haushalte | C529: Ménages | D529: Economia domestica | E529: Households | F529: Haushalte | G529: Ménages | H529: Economia domestica | I529: Households
A530: <PPI.36.00.2> | B530: Gewerbe, Industrie, Dienstleistungen | C530: Artisanat, commerce, industries, services | D530: Artigianato, commercio, industrie, servizi | E530: Trade, industry and services | F530: Gewerbe, Industrie, Dienstleistungen | G530: Artisanat, commerce, industries, services | H530: Artigianato, commercio, industrie, servizi | I530: Trade, industry and services
A531: <PPI.36.00.21> | B531: Grundgebühr | C531: Taxe de base | D531: Tassa di base | E531: Base fee | F531: Grundgebühr | G531: Taxe de base | H531: Tassa di base | I531: Base fee
A532: <PPI.36.00.22> | B532: Mengengebühr | C532: Taxe à la quantité | D532: Tassa sul quantitativo | E532: Volume fee | F532: Mengengebühr | G532: Taxe à la quantité | H532: Tassa sul quantitativo | I532: Volume fee
A533: <PPI.37> | B533: Abwasserentsorgung | C533: Collecte et traitement des eaux usées | D533: Gestione delle reti fognarie | E533: Sewerage | F533: Abwasserentsorgung | G533: Collecte et traitement des eaux usées | H533: Gestione delle reti fognarie | I533: Sewerage
A534: <PPI.37.0> | B534: Abwasserentsorgung | C534: Collecte et traitement des eaux usées | D534: Gestione delle reti fognarie | E534: Sewerage | F534: Abwasserentsorgung | G534: Collecte et traitement des eaux usées | H534: Gestione delle reti fognarie | I534: Sewerage
A535: <PPI.37.00> | B535: Abwasserentsorgung | C535: Collecte et traitement des eaux usées | D535: Gestione delle reti fognarie | E535: Sewerage | F535: Abwasserentsorgung | G535: Collecte et traitement des eaux usées | H535: Gestione delle reti fognarie | I535: Sewerage
A536: <PPI.37.00.1> | B536: Haushalte | C536: Ménages | D536: Economia domestica | E536: Households | F536: Haushalte | G536: Ménages | H536: Economia domestica | I536: Households
A537: <PPI.37.00.2> | B537: Gewerbe, Industrie, Dienstleistungen | C537: Artisanat, commerce, industries, services | D537: Artigianato, commercio, industrie, servizi | E537: Trade, industry and services | F537: Gewerbe, Industrie, Dienstleistungen | G537: Artisanat, commerce, industries, services | H537: Artigianato, commercio, industrie, servizi | I537: Trade, industry and services
... A1046: <PGA.TOTAL> | B1046: Total | C1046: Total | D1046: Totale | E1046: Total | F1046: Total | G1046: Total | H1046: Totale | I1046: Total
A1047: <PGA.A> | B1047: Land- und forstwirtschaftliche Produkte | C1047: Agriculture et sylviculture | D1047: Prodotti agricoli e di silvicoltura | E1047: Agricultural and forestry products
A1048: <PGA.01> | B1048: Landwirtschaftliche Produkte | C1048: Produits agricoles | D1048: Prodotti agricoli | E1048: Agricultural products | F1048: Landwirtschaftliche Produkte | G1048: Produits agricoles | H1048: Prodotti agricoli | I1048: Agricultural products
A1049: <PGA.01.1> | B1049: Einjährige Pflanzen | C1049: Plantes non permanentes | D1049: Piante non permanenti | E1049: Non-perennial crops | F1049: Einjährige Pflanzen | G1049: Plantes non permanentes | H1049: Piante non permanenti | I1049: Non-perennial crops
A1050: <PGA.01.11> | B1050: Getreide (ohne Reis), Hülsenfrüchte und Ölsaaten | C1050: Céréales (sans riz), légumineuses et graines d'oléagineuses | D1050: Cereali (senza riso), legumi da granella e semi oleosi | E1050: Cereals (except rice), leguminous crops, oil seeds | F1050: Getreide (ohne Reis), Hülsenfrüchte und Ölsaaten | G1050: Céréales (sans riz), légumineuses et graines d'oléagineuses | H1050: Cereali (senza riso), legumi da granella e semi oleosi | I1050: Cereals (except rice), leguminous crops, oil seeds
A1051: <PGA.01.13> | B1051: Gemüse sowie Wurzeln und Knollen | C1051: Légumes, racines et tubercules | D1051: Ortaggi, radici e tuberi | E1051: Vegetables, roots and tubers | F1051: Gemüse sowie Wurzeln und Knollen | G1051: Légumes, racines et tubercules | H1051: Ortaggi, radici e tuberi | I1051: Vegetables, roots and tubers
A1052: <PGA.01.15> | B1052: Rohtabak | C1052: Tabac brut | D1052: Tabacco grezzo | E1052: Unmanufactured tobacco | F1052: Rohtabak | G1052: Tabac brut | H1052: Tabacco grezzo | I1052: Unmanufactured tobacco
A1053: <PGA.01.19> | B1053: Sonstige einjährige Pflanzen | C1053: Autres plantes non permanentes | D1053: Altre piante non permanenti | E1053: Other non-perennial crops | F1053: Sonstige einjährige Pflanzen | G1053: Autres plantes non permanentes | H1053: Altre piante non permanenti | I1053: Other non-perennial crops
A1054: <PGA.01.2> | B1054: Mehrjährige Pflanzen | C1054: Plantes permanentes | D1054: Piante permanenti | E1054: Perennial crops | F1054: Mehrjährige Pflanzen | G1054: Plantes permanentes | H1054: Piante permanenti | I1054: Perennial crops
A1055: <PGA.01.21> | B1055: Trauben | C1055: Raisins | D1055: Uve | E1055: Grapes | F1055: Trauben | G1055: Raisins | H1055: Uve | I1055: Grapes
A1056: <PGA.01.22> | B1056: Tropische und subtropische Früchte | C1056: Fruits tropicaux et subtropicaux | D1056: Frutti di origine tropicale e subtropicale | E1056: Tropical and subtropical fruits | F1056: Tropische und subtropische Früchte | G1056: Fruits tropicaux et subtropicaux | H1056: Frutti di origine tropicale e subtropicale | I1056: Tropical and subtropical fruits
A1057: <PGA.01.23> | B1057: Zitrusfrüchte | C1057: Agrumes | D1057: Agrumi | E1057: Citrus fruits | F1057: Zitrusfrüchte | G1057: Agrumes | H1057: Agrumi | I1057: Citrus fruits
A1058: <PGA.01.24> | B1058: Kern- und Steinobst | C1058: Fruits à pépins et à noyau | D1058: Frutti a semi e a nocciolo | E1058: Pome fruits, stone fruits | F1058: Kern- und Steinobst | G1058: Fruits à pépins et à noyaux | H1058: Frutti a semi e a nocciolo | I1058: Pome and stone fruits
A1059: <PGA.01.25> | B1059: Beeren | C1059: Baies | D1059: Bacche | E1059: Berries | F1059: Beeren | G1059: Baies | H1059: Bacche | I1059: Berries
... A1554: <PGA.33.17> | B1554: Reparatur und Instandhaltung von Fahrzeugen a. n. g. | C1554: Réparation et maintenance d'autres équipements de transport | D1554: Riparazione e manutenzione di altri mezzi di trasporto | E1554: Repair and maintenance of other transport equipment | F1554: Reparatur und Instandhaltung von Fahrzeugen a. n. g. | G1554: Réparation et maintenance d'autres équipements de transport | H1554: Riparazione e manutenzione di altri mezzi di trasporto | I1554: Repair and maintenance of other transport equipment
A1555: <PGA.D> | B1555: Energieversorgung (Elektrizität und Gas) | C1555: Production et distribution d'électricité et de gaz | D1555: Fornitura di energia elettrica, gas | E1555: Electricity and gas supply
A1556: <PGA.35> | B1556: Energieversorgung | C1556: Production et distribution d'électricité et de gaz | D1556: Fornitura di energia elettrica, gas | E1556: Electricity and gas supply | F1556: Energieversorgung | G1556: Production et distribution d’électricité et de gaz | H1556: Fornitura di energia elettrica, gas | I1556: Electricity and gas supply
A1557: <PGA.35.1> | B1557: Elektrizität | C1557: Electricité | D1557: Energia elettrica | E1557: Electricity | F1557: Elektrizität | G1557: Electricité | H1557: Energia elettrica | I1557: Electricity
A1558: <PGA.35.10.1> | B1558: Haushalte | C1558: Ménages | D1558: Economia domestica | E1558: Households | F1558: Haushalte | G1558: Ménages | H1558: Economia domestica | I1558: Households
A1559: <PGA.35.10.2> | B1559: Gewerbe, Industrie, Dienstleistungen | C1559: Artisanat, commerce, industries, services | D1559: Artigianato, commercio, industrie, servizi | E1559: Trade, industry and services | F1559: Gewerbe, Industrie, Dienstleistungen | G1559: Artisanat, commerce, industries, services | H1559: Artigianato, commercio, industrie, servizi | I1559: Trade, industry and services
A1560: <PGA.35.10.21> | B1560: Typ I: 8'000 kWh | C1560: Type I: 8'000 kWh | D1560: Tipo I: 8'000 kWh | E1560: Type I: 8'000 kWh | F1560: Typ I: 8'000 kWh | G1560: Type I: 8'000 kWh | H1560: Tipo I: 8'000 kWh | I1560: Type I: 8'000 kWh
A1561: <PGA.35.10.22> | B1561: Typ II: 30'000 kWh | C1561: Type II: 30'000 kWh | D1561: Tipo II: 30'000 kWh | E1561: Type II: 30'000 kWh | F1561: Typ II: 30'000 kWh | G1561: Type II: 30'000 kWh | H1561: Tipo II: 30'000 kWh | I1561: Type II: 30'000 kWh
A1562: <PGA.35.10.23> | B1562: Typ III: 100-375 MWh | C1562: Type III: 100-375 MWh | D1562: Tipo III: 100-375 MWh | E1562: Type III: 100-375 MWh | F1562: Typ III: 100-375 MWh | G1562: Type III: 100-375 MWh | H1562: Tipo III: 100-375 MWh | I1562: Type III: 100-375 MWh
A1563: <PGA.35.10.231> | B1563: Typ III: 100-375 MWh, Tarif | C1563: Type III: 100-375 MWh, Tarif | D1563: Tipo III: 100-375 MWh, Tariffa | E1563: Type III: 100-375 MWh, Tariff | F1563: Typ III: 100-375 MWh, Tarif | G1563: Type III: 100-375 MWh, Tarif | H1563: Tipo III: 100-375 MWh, Tariffa | I1563: Type III: 100-375 MWh, Tariff
A1564: <PGA.35.10.232> | B1564: Typ III: 100-375 MWh, Marktpreis | C1564: Type III: 100-375 MWh, Prix de marché | D1564: Tipo III: 100-375 MWh, Prezzo di mercato | E1564: Type III: 100-375 MWh, Market price | F1564: Typ III: 100-375 MWh, Marktpreis | G1564: Type III: 100-375 MWh, Prix de marché | H1564: Tipo III: 100-375 MWh, Prezzo di mercato | I1564: Type III: 100-375 MWh, Market price
A1565: <PGA.35.10.233> | B1565: Typ III: 100-375 MWh, Netzpreis | C1565: Type III: 100-375 MWh, Prix du réseau | D1565: Tipo III: 100-375 MWh, Prezzo della rete | E1565: Type III: 100-375 MWh, Network price | F1565: Typ III: 100-375 MWh, Netzpreis | G1565: Type III: 100-375 MWh, Prix du réseau | H1565: Tipo III: 100-375 MWh, Prezzo della rete | I1565: Type III: 100-375 MWh, Network price
A1566: <PGA.35.10.24> | B1566: Typ IV: 375-1'000 MWh, NS | C1566: Type IV: 375-1'000 MWh, BT | D1566: Tipo IV: 375-1'000 MWh, BT | E1566: Type IV: 375-1'000 MWh, LV | F1566: Typ IV: 375-1'000 MWh, NS | G1566: Type IV: 375-1'000 MWh, BT | H1566: Tipo IV: 375-1'000 MWh, BT | I1566: Type IV: 375-1'000 MWh, LV
A1567: <PGA.35.10.241> | B1567: Typ IV: 375-1'000 MWh, NS, Tarif | C1567: Type IV: 375-1'000 MWh, BT, Tarif | D1567: Tipo IV: 375-1'000 MWh, BT, Tariffa | E1567: Type IV: 375-1'000 MWh, LV, Tariff | F1567: Typ IV: 375-1'000 MWh, NS, Tarif | G1567: Type IV: 375-1'000 MWh, BT, Tarif | H1567: Tipo IV: 375-1'000 MWh, BT, Tariffa | I1567: Type IV: 375-1'000 MWh, LV, Tariff
... A1633: <PGAI.TOTAL> | B1633: Total | C1633: Total | D1633: Totale | E1633: Total | F1633: Total | G1633: Total | H1633: Totale | I1633: Total
A1634: <PGAI.A> | B1634: Land- und forstwirtschaftliche Produkte | C1634: Agriculture et sylviculture | D1634: Prodotti agricoli e di silvicoltura | E1634: Agricultural and forestry products
A1635: <PGAI.01> | B1635: Landwirtschaftliche Produkte | C1635: Produits agricoles | D1635: Prodotti agricoli | E1635: Agricultural products | F1635: Landwirtschaftliche Produkte | G1635: Produits agricoles | H1635: Prodotti agricoli | I1635: Agricultural products
A1636: <PGAI.01.1> | B1636: Einjährige Pflanzen | C1636: Plantes non permanentes | D1636: Piante non permanenti | E1636: Non-perennial crops | F1636: Einjährige Pflanzen | G1636: Plantes non permanentes | H1636: Piante non permanenti | I1636: Non-perennial crops
A1637: <PGAI.01.11> | B1637: Getreide (ohne Reis), Hülsenfrüchte und Ölsaaten | C1637: Céréales (sans riz), légumineuses et graines d'oléagineuses | D1637: Cereali (senza riso), legumi da granella e semi oleosi | E1637: Cereals (except rice), leguminous crops, oil seeds | F1637: Getreide (ohne Reis), Hülsenfrüchte und Ölsaaten | G1637: Céréales (sans riz), légumineuses et graines d'oléagineuses | H1637: Cereali (senza riso), legumi da granella e semi oleosi | I1637: Cereals (except rice), leguminous crops, oil seeds
A1638: <PGAI.01.13> | B1638: Gemüse sowie Wurzeln und Knollen | C1638: Légumes, racines et tubercules | D1638: Ortaggi, radici e tuberi | E1638: Vegetables, roots and tubers | F1638: Gemüse sowie Wurzeln und Knollen | G1638: Légumes, racines et tubercules | H1638: Ortaggi, radici e tuberi | I1638: Vegetables, roots and tubers
A1639: <PGAI.01.15> | B1639: Rohtabak | C1639: Tabac brut | D1639: Tabacco grezzo | E1639: Unmanufactured tobacco | F1639: Rohtabak | G1639: Tabac brut | H1639: Tabacco grezzo | I1639: Unmanufactured tobacco
A1640: <PGAI.01.19> | B1640: Sonstige einjährige Pflanzen | C1640: Autres plantes non permanentes | D1640: Altre piante non permanenti | E1640: Other non-perennial crops | F1640: Sonstige einjährige Pflanzen | G1640: Autres plantes non permanentes | H1640: Altre piante non permanenti | I1640: Other non-perennial crops
A1641: <PGAI.01.2> | B1641: Mehrjährige Pflanzen | C1641: Plantes permanentes | D1641: Piante permanenti | E1641: Perennial crops | F1641: Mehrjährige Pflanzen | G1641: Plantes permanentes | H1641: Piante permanenti | I1641: Perennial crops
A1642: <PGAI.01.21> | B1642: Trauben | C1642: Raisins | D1642: Uve | E1642: Grapes | F1642: Trauben | G1642: Raisins | H1642: Uve | I1642: Grapes
A1643: <PGAI.01.22> | B1643: Tropische und subtropische Früchte | C1643: Fruits tropicaux et subtropicaux | D1643: Frutti di origine tropicale e subtropicale | E1643: Tropical and subtropical fruits | F1643: Tropische und subtropische Früchte | G1643: Fruits tropicaux et subtropicaux | H1643: Frutti di origine tropicale e subtropicale | I1643: Tropical and subtropical fruits
A1644: <PGAI.01.23> | B1644: Zitrusfrüchte | C1644: Agrumes | D1644: Agrumi | E1644: Citrus fruits | F1644: Zitrusfrüchte | G1644: Agrumes | H1644: Agrumi | I1644: Citrus fruits
A1645: <PGAI.01.24> | B1645: Kern- und Steinobst | C1645: Fruits à pépins et à noyau | D1645: Frutti a semi e a nocciolo | E1645: Pome fruits, stone fruits | F1645: Kern- und Steinobst | G1645: Fruits à pépins et à noyaux | H1645: Frutti a semi e a nocciolo | I1645: Pome and stone fruits
A1646: <PGAI.01.25> | B1646: Beeren | C1646: Baies | D1646: Bacche | E1646: Berries | F1646: Beeren | G1646: Baies | H1646: Bacche | I1646: Berries
... A2149: <PGAI.33.17> | B2149: Reparatur und Instandhaltung von Fahrzeugen a. n. g. | C2149: Réparation et maintenance d'autres équipements de transport | D2149: Riparazione e manutenzione di altri mezzi di trasporto | E2149: Repair and maintenance of other transport equipment | F2149: Reparatur und Instandhaltung von Fahrzeugen a. n. g. | G2149: Réparation et maintenance d'autres équipements de transport | H2149: Riparazione e manutenzione di altri mezzi di trasporto | I2149: Repair and maintenance of other transport equipment
A2150: <PGAI.D> | B2150: Energieversorgung (Elektrizität und Gas) | C2150: Production et distribution d'électricité et de gaz | D2150: Fornitura di energia elettrica, gas | E2150: Electricity and gas supply
A2151: <PGAI.35> | B2151: Energieversorgung | C2151: Production et distribution d'électricité et de gaz | D2151: Fornitura di energia elettrica, gas | E2151: Electricity and gas supply | F2151: Energieversorgung | G2151: Production et distribution d’électricité et de gaz | H2151: Fornitura di energia elettrica, gas | I2151: Electricity and gas supply
A2152: <PGAI.35.1> | B2152: Elektrizität | C2152: Electricité | D2152: Energia elettrica | E2152: Electricity | F2152: Elektrizität | G2152: Electricité | H2152: Energia elettrica | I2152: Electricity
A2153: <PGAI.35.10.1> | B2153: Haushalte | C2153: Ménages | D2153: Economia domestica | E2153: Households | F2153: Haushalte | G2153: Ménages | H2153: Economia domestica | I2153: Households
A2154: <PGAI.35.10.2> | B2154: Gewerbe, Industrie, Dienstleistungen | C2154: Artisanat, commerce, industries, services | D2154: Artigianato, commercio, industrie, servizi | E2154: Trade, industry and services | F2154: Gewerbe, Industrie, Dienstleistungen | G2154: Artisanat, commerce, industries, services | H2154: Artigianato, commercio, industrie, servizi | I2154: Trade, industry and services
A2155: <PGAI.35.10.21> | B2155: Typ I: 8'000 kWh | C2155: Type I: 8'000 kWh | D2155: Tipo I: 8'000 kWh | E2155: Type I: 8'000 kWh | F2155: Typ I: 8'000 kWh | G2155: Type I: 8'000 kWh | H2155: Tipo I: 8'000 kWh | I2155: Type I: 8'000 kWh
A2156: <PGAI.35.10.22> | B2156: Typ II: 30'000 kWh | C2156: Type II: 30'000 kWh | D2156: Tipo II: 30'000 kWh | E2156: Type II: 30'000 kWh | F2156: Typ II: 30'000 kWh | G2156: Type II: 30'000 kWh | H2156: Tipo II: 30'000 kWh | I2156: Type II: 30'000 kWh
A2157: <PGAI.35.10.23> | B2157: Typ III: 100-375 MWh | C2157: Type III: 100-375 MWh | D2157: Tipo III: 100-375 MWh | E2157: Type III: 100-375 MWh | F2157: Typ III: 100-375 MWh | G2157: Type III: 100-375 MWh | H2157: Tipo III: 100-375 MWh | I2157: Type III: 100-375 MWh
A2158: <PGAI.35.10.231> | B2158: Typ III: 100-375 MWh, Tarif | C2158: Type III: 100-375 MWh, Tarif | D2158: Tipo III: 100-375 MWh, Tariffa | E2158: Type III: 100-375 MWh, Tariff | F2158: Typ III: 100-375 MWh, Tarif | G2158: Type III: 100-375 MWh, Tarif | H2158: Tipo III: 100-375 MWh, Tariffa | I2158: Type III: 100-375 MWh, Tariff
A2159: <PGAI.35.10.232> | B2159: Typ III: 100-375 MWh, Marktpreis | C2159: Type III: 100-375 MWh, Prix de marché | D2159: Tipo III: 100-375 MWh, Prezzo di mercato | E2159: Type III: 100-375 MWh, Market price | F2159: Typ III: 100-375 MWh, Marktpreis | G2159: Type III: 100-375 MWh, Prix de marché | H2159: Tipo III: 100-375 MWh, Prezzo di mercato | I2159: Type III: 100-375 MWh, Market price
A2160: <PGAI.35.10.233> | B2160: Typ III: 100-375 MWh, Netzpreis | C2160: Type III: 100-375 MWh, Prix du réseau | D2160: Tipo III: 100-375 MWh, Prezzo della rete | E2160: Type III: 100-375 MWh, Network price | F2160: Typ III: 100-375 MWh, Netzpreis | G2160: Type III: 100-375 MWh, Prix du réseau | H2160: Tipo III: 100-375 MWh, Prezzo della rete | I2160: Type III: 100-375 MWh, Network price
A2161: <PGAI.35.10.24> | B2161: Typ IV: 375-1'000 MWh, NS | C2161: Type IV: 375-1'000 MWh, BT | D2161: Tipo IV: 375-1'000 MWh, BT | E2161: Type IV: 375-1'000 MWh, LV | F2161: Typ IV: 375-1'000 MWh, NS | G2161: Type IV: 375-1'000 MWh, BT | H2161: Tipo IV: 375-1'000 MWh, BT | I2161: Type IV: 375-1'000 MWh, LV
A2162: <PGAI.35.10.241> | B2162: Typ IV: 375-1'000 MWh, NS, Tarif | C2162: Type IV: 375-1'000 MWh, BT, Tarif | D2162: Tipo IV: 375-1'000 MWh, BT, Tariffa | E2162: Type IV: 375-1'000 MWh, LV, Tariff | F2162: Typ IV: 375-1'000 MWh, NS, Tarif | G2162: Type IV: 375-1'000 MWh, BT, Tarif | H2162: Tipo IV: 375-1'000 MWh, BT, Tariffa | I2162: Type IV: 375-1'000 MWh, LV, Tariff
... A2226: <PGAI.38.32.22> | B2226: Bearbeitungsabfälle | C2226: Déchets et débris métalliques | D2226: Scarti e detriti metallici | E2226: Processing waste | F2226: Bearbeitungsabfälle | G2226: Déchets et débris métalliques | H2226: Scarti et detriti metallici | I2226: Processing waste
A2228: <©_BFS> | B2228: © Bundesamt für Statistik, Espace de l'Europe 10, CH-2010 Neuchâtel | C2228: © Office fédéral de la statistique, Espace de l'Europe 10, CH-2010 Neuchâtel | D2228: © Ufficio federale di statistica, Espace de l'Europe 10, CH-2010 Neuchâtel | E2228: © Federal Statistical Office, Espace de l'Europe 10, CH-2010 Neuchâtel
A2229: <LANG> | B2229: < Sprache wählen | C2229: < Choisir la langue | D2229: < Scegliere la lingua | E2229: < Choose language
A2230: <BFS> | B2230: Bundesamt für Statistik (BFS) | C2230: Office fédéral de la statistique (OFS) | D2230: Ufficio federale di statistica (UST) | E2230: Federal Statistical Office (FSO)
A2231: <AUSK> | B2231: Auskunft: PPI@bfs.admin.ch, 058 / 463 66 06 | C2231: Renseignements: PPI@bfs.admin.ch, 058 / 463 66 06 | D2231: Informazioni: PPI@bfs.admin.ch, 058 / 463 66 06 | E2231: Information: PPI@bfs.admin.ch, 058 / 463 66 06
A2232: <DEST> | B2232: Destinationen | C2232: Destinations | D2232: Destinazioni | E2232: Destination
A2233: <INL> | B2233: Verarbeitete Produkte: Inlandabsatz | C2233: Arts et métiers, industries: marché intérieur | D2233: Prodotti manifatturieri: mercato interno | E2233: Manufactured products: domestic sales
A2234: <EXP> | B2234: Verarbeitete Produkte: Exporte | C2234: Arts et métiers, industries: exportations | D2234: Prodotti manifatturieri: esportazioni | E2234: Manufactured products: export
A2235: <VERW> | B2235: Verwendungszweck und Verarbeitungsgrad | C2235: Utilisation et degré de transformation | D2235: Gruppi di prodotti divisi per impiego e grado di trasformazione | E2235: Product groups by use and position in supply chain
A2236: <LANDW> | B2236: Land- und forstwirtschaftliche Produkte | C2236: Produits agricoles et sylvicoles | D2236: Prodotti agricoli e di silvicoltura | E2236: Agricultural and forestry products
A2237: <VORL> | B2237: Vorleistungsgüter | C2237: Biens intermédiaires | D2237: Beni intermedi | E2237: Intermediate goods
A2238: <INVE> | B2238: Investitionsgüter | C2238: Biens d'investissement | D2238: Beni d'investimento | E2238: Capital goods
A2239: <GEBR> | B2239: Gebrauchsgüter | C2239: Biens de consommation durables | D2239: Beni di consumo durevoli | E2239: Consumer durables
... A2327: <KOMMIPI_3> | B2327: 3) Bis Dezember 2010 ohne Papierprodukte (Code 17.2). | C2327: 3) Jusqu'en décembre 2010 sans les articles en papier (code 17.2) | D2327: 3) Fino a dicembre 2010 senza i prodotti cartacei (code 17.2) | E2327: 3) Until december 2010 without articles of paper (Code 17.2)
